 Dungeon Crawl Stone Soup version 0.29-a0-878-g7b45a56547 (webtiles) character file.

Game seed: 3235104622443867288

28 jlumianski the Chiller (level 2, -1/19 HPs)
             Began as a Demonspawn Ice Elementalist on July 19, 2022.
             Slain by a gnoll
             ... wielding a +0 spear
              (3 damage)
             ... on level 2 of the Dungeon on July 20, 2022.
             The game lasted 00:03:16 (751 turns).

jlumianski the Chiller (Demonspawn Ice Elementalist) Turns: 751, Time: 00:03:18

Health: -1/19      AC:  2    Str:  8    XL:     2   Next: 96%
Magic:  0/5        EV: 12    Int: 16    God:
Gold:   36         SH:  0    Dex: 13    Spells: 4/5 levels left

rFire   . . .      SeeInvis .   h - +0 dagger
rCold   . . .      Faith    .   (no shield)
rNeg    . . .      Spirit   .   a - +0 robe
rPois   .          Reflect  .   (no helmet)
rElec   .          Harm     .   (no cloak)
rCorr   .          Rampage  .   (no gloves)
Will    .....                   (no boots)
Stlth   ++........              (no amulet)
HPRegen 0.06/turn               (no ring)
MPRegen 0.09/turn               (no ring)

@: very slightly contaminated
A: ignite blood 1
a: no special abilities


You were on level 2 of the Dungeon.
You visited 1 branch of the dungeon, and saw 2 of its levels.

You collected 36 gold pieces.

Inventory:

Hand Weapons
 f - a +0 flail
 h - a +0 dagger (weapon)
Armour
 a - a +0 robe (worn)
Scrolls
 c - a scroll of enchant armour {unknown}
 d - a scroll of identify {unknown}
Potions
 b - a potion of magic
 e - 2 potions of lignification {unknown}
 g - a potion of curing {unknown}


   Skills:
 + Level 1.8 Dodging
 + Level 2.0 Stealth
 + Level 2.2 Spellcasting
 + Level 4.2 Ice Magic


You had 4 spell levels left.
You knew the following spells:

 Your Spells              Type           Power      Damage    Failure   Level
a - Freeze                Ice            60%        1d8       3%          1

Your spell library contained the following spells:

 Spells                   Type           Power      Damage    Failure   Level
 Frozen Ramparts          Ice            30%        1d5       11%         3
 Ozocubu's Armour         Ice            15%        N/A       11%         3
 Hailstorm                Conj/Ice       8%         3d4       63%         4


Dungeon Overview and Level Annotations

Branches:
Dungeon (2/15)

Altars:


Innate Abilities, Weirdness & Mutations

Your demonic aura sometimes causes spilled blood to erupt in flames.


Message History

Press: ? - help, Shift-Dir - straight line, f - gnoll
Aim: a gnoll, wielding a +0 spear You freeze the gnoll.
The gnoll is lightly wounded.
The gnoll barely misses you.
Casting: Freeze (safe; 3% risk of failure)
Confirm with . or Enter, or press ? or * to list all spells.
Aiming: Freeze (safe; 3% risk of failure)
Press: ? - help, Shift-Dir - straight line, f/p - gnoll
Aim: a gnoll, wielding a +0 spear (lightly wounded)
You miscast Freeze.
You are very lightly contaminated with residual magic.
Nothing appears to happen.
The gnoll hits you with a +0 spear.
A giant cockroach comes into view.
Casting: Freeze (safe; 3% risk of failure)
Confirm with . or Enter, or press ? or * to list all spells.
Aiming: Freeze (safe; 3% risk of failure)
Press: ? - help, Shift-Dir - straight line, f/p - gnoll
Aim: a gnoll, wielding a +0 spear (lightly wounded)
You freeze the gnoll.
The gnoll is moderately wounded.
The gnoll hits you with a +0 spear!
Casting: Freeze (safe; 3% risk of failure)
Confirm with . or Enter, or press ? or * to list all spells.
Aiming: Freeze (safe; 3% risk of failure)
Press: ? - help, Shift-Dir - straight line, f/p - gnoll
Aim: a gnoll, wielding a +0 spear (moderately wounded)
You freeze the gnoll.
The gnoll is heavily wounded.
The gnoll hits you with a +0 spear.
* * * LOW HITPOINT WARNING * * *
Casting: Freeze (safe; 3% risk of failure)
Confirm with . or Enter, or press ? or * to list all spells.
Aiming: Freeze (safe; 3% risk of failure)
Press: ? - help, Shift-Dir - straight line, f/p - gnoll
Aim: a gnoll, wielding a +0 spear (heavily wounded)
You freeze the gnoll.
The gnoll is severely wounded.
The gnoll hits you with a +0 spear.
You die...

##.########.##.#
...............#
#.<......#..####
###........##
###....#...############
#......#.#.B..........#
..#....#.##...........#
.##......# #..........#
. #.....## #...g@.<...#
#.###.# #..........# ..
#.# #..........# ...
#.# #..........# ..#
#.# ##...########
.##.##.###..###
...........##
###.#..##### #.#


You could see a gnoll and a giant cockroach.

Vanquished Creatures
  2 gnolls
  3 endoplasms
  A goblin (D:1)
  A frilled lizard (D:1)
  A kobold (D:1)
  A rat (D:1)
9 creatures vanquished.

Notes
Turn   | Place    | Note
-------+----------+-------------------------------------------
     0 | D:1      | jlumianski the Demonspawn Ice Elementalist began the quest
                  | for the Orb.
     0 | D:1      | Reached XP level 1. HP: 13/13 MP: 3/3
   147 | D:2      | Reached skill level 4 in Ice Magic
   147 | D:2      | Gained mutation: Your demonic aura sometimes causes spilled
                  | blood to erupt in flames. [demonic ancestry]
   147 | D:2      | Reached XP level 2. HP: 4/19 MP: 0/5
   751 | D:2      | Slain by a gnoll

Illustrated notes

Levels and vault maps discovered:
D:1:      dpeg_arrival_tiny_g, layout_loops_cross, serial_bayou_pond_b,
          nrook_mini_vaults, grunt_decor_cap, minmay_pentomino_q2
D:2:      layout_rooms, serial_shops, nicolae_diamond_shop, uniq_sigmund

Skill      XL: |  1  2 |
---------------+-------+-----
Ice Magic      | 4 |  4.2
Stealth        | 2 |  2.0
Dodging        | |  1.8
Spellcasting   | |  2.2

Action                   || total
-------------------------++-------
Melee: Unarmed           ||     1
       Dagger            ||     1
 Cast: Freeze            ||    19
 Stab: Sleeping          ||     1
Dodge: Dodged            ||     8

Table legend: (Time is in decaauts)
 A = Elapsed time spent in this place.
 B = Non-inter-level travel time spent in this place.
 C = Inter-level travel time spent in this place.
 D = Time resting spent in this place.
 E = Time spent auto-exploring this place.
 F = Levels seen in this place.
 G = Mean time per level.
                   A        B        C        D        E       F      G
               +--------+--------+--------+--------+--------+-----+--------+
         Total |    752 |    752 |      0 |    407 |    170 |   2 |  376.0 |
       Dungeon |    752 |    752 |      0 |    407 |    170 |   2 |  376.0 |
               +--------+--------+--------+--------+--------+-----+--------+

Top non-repeatable levels by time:
     D:1: 690 daAuts
     D:2: 61 daAuts
